 Dungeon Crawl Stone Soup version 0.31.0-11-ge490571c62 (webtiles) character file.

Game seed: 2439950191357463711

719 qw the Shooter (level 7, 0/35 HPs)
             Began as a Spriggan Hunter on Feb 3, 2024.
             Slain by a gnoll sergeant
             ... wielding a +0 spear
              (12 damage)
             ... on level 5 of the Dungeon.
             The game lasted 00:01:04 (3868 turns).

qw the Shooter (Spriggan Hunter)                    Turns: 3868, Time: 00:01:05

Health: 0/35       AC:  2    Str:  7    XL:     7   Next: 42%
Magic:  8/8        EV: 22    Int: 10    God:
Gold:   155        SH:  0    Dex: 21    Spells: 6/6 levels left

rFire   . . .        a - +2 shortbow (freeze)
rCold   . . .        (shield currently unavailable)
rNeg    . . .        c - +0 robe
rPois   .            (helmet restricted)
rElec   .            (no cloak)
rCorr   +            (gloves unavailable)
SInv    +            (boots unavailable)
Will    +....        (no amulet)
Stlth   ++           o - ring of resist corrosion
HPRegen 0.25/turn    (no ring)
MPRegen 0.11/turn

%: no passive effects
@: very quick
A: very small, no large weapons, unfitting armour, see invisible, speed 3
a: no special abilities


You were on level 5 of the Dungeon.
You visited 1 branch of the dungeon, and saw 5 of its levels.
You also visited: Ossuary.

You collected 155 gold pieces.


Innate Abilities, Weirdness & Mutations

You are very small and have problems with some larger weapons.
You are too small for most types of armour.
You have supernaturally acute eyesight. (SInv)
You cover ground extremely quickly. (Speed+++)


   Skills:
 - Level 2.1 Fighting
 + Level 7.4 Ranged Weapons
 - Level 7.0 Dodging
 - Level 1.5 Stealth


You had 6 spell levels left.
You didn't know any spells.
Your spell library was empty.

Inventory:

Hand Weapons
 a - a +2 shortbow of freezing (weapon)
Armour
 c - a +0 robe (worn)
Jewellery
 o - a ring of resist corrosion (left hand)
Wands
 d - a wand of light (11)
 k - a wand of flame (24)
Scrolls
 g - a scroll of identify
 i - a scroll of teleportation
Potions
 b - a potion of might
 e - a potion of ambrosia {unknown}
 f - 2 potions of curing
 h - 2 potions of heal wounds
 l - a potion of enlightenment
 n - a potion of berserk rage {unknown}

Dungeon Overview and Level Annotations

Branches:
Dungeon (5/15)            Ossuary (visited)
 Temple: D:4-7

Altars:
Okawaru


Message History

The hound closely misses you.
The gnoll sergeant completely misses you.
You shoot an arrow. The arrow hits the hound.
The arrow freezes the hound.
The hound is almost dead.
The hound misses you. The hound closely misses you.
The gnoll sergeant misses you.
You shoot an arrow. The arrow hits the hound!
The arrow freezes the hound.
You kill the hound!
The gnoll sergeant hits you from afar with a +0 spear.
You shoot an arrow. The arrow hits the gnoll sergeant.
The arrow freezes the gnoll sergeant.
The gnoll sergeant is moderately wounded.
The gnoll sergeant hits you from afar with a +0 spear!
You shoot an arrow.
The arrow hits the gnoll sergeant but does no damage.
The gnoll sergeant is moderately wounded.
The gnoll sergeant closely misses you.
You shoot an arrow.
The arrow barely misses the gnoll sergeant.
The gnoll sergeant misses you.
You shoot an arrow. The arrow hits the gnoll sergeant.
The arrow freezes the gnoll sergeant.
The gnoll sergeant is heavily wounded.
The gnoll sergeant misses you.
You shoot an arrow.
The arrow hits the gnoll sergeant but does no damage.
The gnoll sergeant is heavily wounded.
The gnoll sergeant closely misses you.
You shoot an arrow.
The arrow hits the gnoll sergeant but does no damage.
The gnoll sergeant is heavily wounded.
The gnoll sergeant barely misses you.
You shoot an arrow. The arrow hits the gnoll sergeant.
The arrow freezes the gnoll sergeant.
The gnoll sergeant is severely wounded.
The gnoll sergeant closely misses you.
You shoot an arrow.
The arrow barely misses the gnoll sergeant.
The gnoll sergeant hits you from afar with a +0 spear!
You die...

.........#...#
...........#.#
....(.###....#
.......#####.# .......#
##.# .###....###..##
..#...........##
#..............#########
#...............@.......
#...#.........g)########
....##...........#
.#........###.##...
##........ ##% ..). #
...##. ...##h.. .. ..
..## #.h ... #. ...<


You could see a gnoll sergeant.

Vanquished Creatures
  A water moccasin (D:4)
  2 scorpions (Ossuary)
  2 bombardier beetles
  A hound (D:5)
  A gnoll bouda (D:5)
  An iguana (D:4)
  Ijyb (D:4)
  Natasha (thrice) (D:2)
  4 scorpion zombies (Ossuary)
  3 mummies (Ossuary)
  A gnoll (D:5)
  3 adder zombies (Ossuary)
  A dart slug (D:1)
  7 orcs
  6 endoplasms
  2 giant cockroaches
  4 gnoll zombies (Ossuary)
  4 goblins
  13 hobgoblins
  5 jackals (D:3)
  A quokka (D:4)
  2 ball pythons
  3 bats
  4 frilled lizards
  4 jackal zombies (Ossuary)
  4 kobolds
  2 kobold zombies (Ossuary)
  4 rats
89 creatures vanquished.

Notes
Turn   | Place    | Note
-------+----------+-------------------------------------------
     0 | D:1      | qw the Spriggan Hunter began the quest for the Orb.
     0 | D:1      | Reached XP level 1. HP: 10/10 MP: 2/2
     0 | D:1      | 0 ||| qw: Version: 0.3-a-155-g5e7d8dd
     0 | D:1      | 0 ||| qw: Game counter: 3410
     0 | D:1      | 0 ||| qw: Melee chars always use a shield: true
     0 | D:1      | 0 ||| qw: God list: Okawaru
     0 | D:1      | 0 ||| qw: Allow faded altars: false
     0 | D:1      | 0 ||| qw: Do Orc after clearing Dungeon:15 true
     0 | D:1      | 0 ||| qw: Do second Lair branch before Depths: true
     0 | D:1      | 0 ||| qw: Lair rune preference: random
     0 | D:1      | 0 ||| qw: Goals: Normal
     0 | D:1      | 0 ||| PLANNING D:1-11
    49 | D:1      | Reached skill level 3 in Dodging
   339 | D:1      | Reached XP level 2. HP: 14/14 MP: 3/3
  1056 | D:1      | 1056 ||| READING scroll labelled ROZXIV HANUNU.
  1056 | D:1      | 1056 ||| ENCHANTING +0 shortbow.
  1057 | D:1      | 1057 ||| READING scroll labelled TONLIN ANIO.
  1057 | D:1      | 1057 ||| IDENTIFYING fuming green potion
  1058 | D:1      | 1058 ||| READING 2 scrolls labelled ALAYNY YWNIKH.
  1059 | D:1      | 1059 ||| DROPPING scroll of butterflies.
  1060 | D:1      | 1060 ||| DROPPING scroll of noise.
  1348 | D:2      | Noticed Natasha
  1358 | D:2      | Killed Natasha
  1359 | D:2      | Reached XP level 3. HP: 18/18 MP: 4/4
  1412 | D:2      | Noticed Natasha
  1422 | D:2      | Killed Natasha
  1423 | D:2      | Reached XP level 4. HP: 22/22 MP: 5/5
  1633 | D:2      | Noticed Natasha
  1640 | D:2      | Killed Natasha
  1681 | D:2      | 1681 ||| READING scroll labelled IGOLYLITOWK.
  1682 | D:2      | 1682 ||| DRINKING 3 green potions.
  1728 | D:2      | 1728 ||| DROPPING 2 potions of lignification.
  1761 | D:3      | 1761 ||| STAIRDANCE
  1927 | D:3      | Found a faded altar of an unknown god.
  2254 | D:3      | 2254 ||| READING 2 scrolls labelled ROASTUST QIMUORYGG.
  2255 | D:3      | 2255 ||| READING scroll labelled ZOCLIR ELONENO.
  2258 | D:3      | 2258 ||| DRINKING 2 sapphire potions.
  2259 | D:3      | 2259 ||| DROPPING scroll of fear.
  2288 | D:4      | Found a sand-covered staircase.
  2289 | D:4      | 2289 ||| PLANNING OSSUARY
  2292 | D:4      | Reached XP level 5. HP: 26/26 MP: 6/6
  2296 | Ossuary  | Entered an ossuary
  2323 | Ossuary  | HP: 3/26 [mummy (10)]
  2472 | Ossuary  | Reached skill level 6 in Ranged Weapons
  2520 | Ossuary  | Reached XP level 6. HP: 28/30 MP: 7/7
  2572 | Ossuary  | Reached skill level 6 in Dodging
  2581 | Ossuary  | HP: 7/30 [poisoned by a scorpion]
  2586 | Ossuary  | HP: 4/30 [poisoned by a scorpion]
  2732 | Ossuary  | 2732 ||| READING scroll of enchant weapon.
  2732 | Ossuary  | 2732 ||| ENCHANTING +1 shortbow.
  2736 | Ossuary  | 2736 ||| READING scroll labelled MELOEGE YCZAN.
  2837 | Ossuary  | 2837 ||| READING scroll labelled APAR XESOIR.
  2837 | Ossuary  | 2837 ||| BRANDING +2 shortbow.
  2838 | Ossuary  | 2838 ||| DRINKING 2 smoky purple potions.
  2839 | Ossuary  | 2839 ||| DRINKING 2 fizzy white potions.
  2840 | Ossuary  | 2840 ||| DROPPING potion of invisibility.
  2844 | D:4      | 2844 ||| PLANNING D:1-11
  2985 | D:4      | Noticed Ijyb
  2990 | D:4      | 2990 ||| FLEEEEING.
  2991 | D:4      | 2991 ||| FLEEEEING.
  2992 | D:4      | 2992 ||| FLEEEEING.
  2993 | D:4      | 2993 ||| FLEEEEING.
  2994 | D:4      | 2994 ||| FLEEEEING.
  2996 | D:4      | 2996 ||| FLEEEEING.
  3003 | D:4      | Killed Ijyb
  3315 | D:4      | Noticed a water moccasin
  3316 | D:4      | 3316 ||| DRINKING potion of haste.
  3319 | D:4      | Killed a water moccasin
  3320 | D:4      | Reached XP level 7. HP: 35/35 MP: 8/8
  3414 | D:4      | Identified the +3 trident "Jentam" {freeze, rPois MP+9
                  | Str+3 Dex-2}
  3716 | D:4      | 3716 ||| UPGRADING to ring of resist corrosion.
  3717 | D:4      | 3717 ||| READING scroll of identify.
  3717 | D:4      | 3717 ||| IDENTIFYING orange potion
  3718 | D:4      | 3718 ||| READING scroll labelled ASTEKH JYURHU.
  3780 | D:4      | 3780 ||| READING scroll labelled VOQYXZ JEOFFUV.
  3781 | D:4      | 3781 ||| DRINKING 3 black potions.
  3782 | D:4      | 3782 ||| DRINKING 2 smoky coppery potions.
  3783 | D:4      | 3783 ||| DROPPING potion of brilliance.
  3809 | D:5      | Entered Level 5 of the Dungeon
  3816 | D:5      | Found an iron altar of Okawaru.
  3817 | D:5      | 3817 ||| PLANNING OKAWARU WORSHIP
  3851 | D:5      | 3851 ||| RETREEEEATING.
  3853 | D:5      | 3853 ||| RETREEEEATING.
  3868 | D:5      | Slain by a gnoll sergeant

Levels and vault maps discovered:
D:1:      lemuel_arrival_room, layout_basic, kennysheep_decorative_pillar,
          minmay_hedge_maze
D:2:      layout_loops_ring, uniq_natasha
D:3:      layout_rooms, shapermc_ecumenical_altar_mp_urbaneastern
D:4:      layout_basic, enter_ossuary_3, uniq_ijyb
D:5:      layout_cave_pools, evilmike_ruin_ashenzari, kennysheep_mini,
          general_overflow_altar, minmay_temple_entry_antechambers,
          serial_gnoll_camp, gnoll_camp_mini_basic, gnoll_camp_huts_basic,
          gnoll_camp_medium_01, gnoll_camp_medium_02

Skill      XL: |  1  2  3  4  5  6  7 |
---------------+----------------------+-----
Dodging        | 3 4 5 6 7 |  7.0
Ranged Weapons | 5 6 7 |  7.4
Fighting       | 2 |  2.1
Stealth        | |  1.5

Action                     |  1- 3 |  4- 6 |  7- 9 || total
---------------------------+-------+-------+-------++-------
   Fire: Shortbow          |    79 |   215 |    36 ||   330
    Use: Scroll            |     3 |     6 |     3 ||    12
         Potion            |       |     5 |     2 ||     7
 Armour: Robe              |     2 |    23 |     6 ||    31
  Dodge: Dodged            |    18 |   106 |    19 ||   143

Table legend:
 A = Non-vault XP
 B = Vault XP
 C = Vault XP percentage of total XP
 D = Non-vault monster count
 E = Vault monster count
 F = Vault count percentage of total count
                 A         B        C        D         E       F
            +---------+---------+-------+---------+---------+-------
      Total |     460 |     568 |  55.3 |      62 |      27 |  30.3
            +---------+---------+-------+---------+---------+-------
        D:1 |      33 |       0 |   0.0 |      18 |       0 |   0.0
        D:2 |      93 |      35 |  27.3 |      15 |       1 |   6.2
        D:3 |      34 |       0 |   0.0 |      17 |       0 |   0.0
        D:4 |     258 |      36 |  12.2 |      11 |       1 |   8.3
        D:5 |      42 |      98 |  70.0 |       1 |       3 |  75.0
    Ossuary |       0 |     399 | 100.0 |       0 |      22 | 100.0
            +---------+---------+-------+---------+---------+-------
